 Dungeon Crawl Stone Soup version bcrawl-1.22 (webtiles) character file.

Game seed: 17321339185573795221

813 Banto the Shooter (level 7, -6/57 HPs)
             Began as a Demigod Wanderer on May 20, 2020.
             Mangled by an ogre
             ... wielding a +0 giant club
              (10 damage)
             ... on level 5 of the Dungeon.
             The game lasted 00:07:03 (5301 turns).

Banto the Shooter (Demigod Wanderer)                Turns: 5301, Time: 00:07:03

Health: -6/57      AC: 17    Str: 17 (18) XL:     7   Next: 61%
Magic:  13/14      EV:  8    Int: 12 (14) God:    Demigod [**....]
Gold:   294        SH:  0    Dex: 15 (18) Spells: 6/6 levels left

rFire    + . .     SeeInvis .   j - +0 war axe
rCold    . . .     Gourm    .   (no shield)
rNeg     + . .     Faith    .   o - +6 chain mail of the World {rF+ rN+ Dex-2 Slay+3}
rPois    .         Spirit   .   (no helmet)
rElec    .         Reflect  .   h - +0 cloak
rCorr    .         Harm     .   l - +0 pair of gloves
MR       .....                  (no boots)
Stlth    ..........             (no amulet)
HPRegen  0.19/turn              (no ring)
MPRegen  0.14/turn              (no ring)

@: slowed, very slow
A: high mp 1
a: Temporal Distortion, Growth


You were on level 5 of the Dungeon.
You worshipped Demigod.
Demigod was pleased with you.
You were not hungry.

You visited 1 branch of the dungeon, and saw 5 of its levels.

You collected 322 gold pieces.
You spent 28 gold pieces at shops.

Inventory:

Hand Weapons
 f - a +0 mace
 j - a +0 war axe (weapon)
Armour
 h - a +0 cloak (worn)
 l - a +0 pair of gloves (worn)
 o - the +6 chain mail of the World (worn) {rF+ rN+ Dex-2 Slay+3}
   (You found it on level 5 of the Dungeon)

   It affects your dexterity (-2).
   It affects your accuracy and damage with ranged weapons and melee attacks
   (+3).
   It protects you from fire.
   It protects you from negative energy.
Jewellery
 d - an uncursed ring of protection from fire
Scrolls
 a - a scroll of immolation
 b - a scroll of teleportation
 i - a scroll of fear
 n - a scroll of enchant armour
Potions
 c - a potion of invisibility
 g - a potion of haste
 k - a potion of berserk rage
 m - a potion of flight
 r - a potion of lignification
 t - 2 potions of might
Comestibles
 e - 5 rations {!d}
 p - 5 chunks of flesh


   Skills:
 - Level 3.1 Fighting
 + Level 3.6 Maces & Flails
   Level 5.4 Bows
 - Level 3.1 Armour
 - Level 3.1 Dodging
 - Level 1.0 Stealth
 + Level 5.3 Invocations
   Level 1.0 Evocations


You had 6 spell levels left.
You didn't know any spells.
Your spell library contained the following spells:

 Spells                   Type           Power        Failure   Level  Hunger
 Magic Dart               Conj           #...         99%         1    ##.....
 Searing Ray              Conj           #.......     100%        2    ###....
 Iskenderun's Mystic Bla  Conj           #.......     100%        3    ####...
 Fulminant Prism          Conj/Hex       #.........   100%        4    #####..
 Irradiate                Conj/Tmut      #.........   100%        5    ######.


Dungeon Overview and Level Annotations

Branches:
Dungeon (5/12)
 Temple: D:4-7

Shops:
D:4 *

Annotations:
D:2 1 runed door
D:5 1 runed translucent door, petercordia2's ghost, amateur DsFE


Innate Abilities, Weirdness & Mutations

You have an increased reservoir of magic. (+10% MP)


Message History

You easily resist.
You slash the orc!
You kill the orc!
Your kill strengthens your divinity.
You hit the ogre.
You hit the orc wizard but do no damage.
The orc wizard hits you but does no damage.
The orc hits you but does no damage. The ogre hits you with a +0 giant club.
* * * LOW HITPOINT WARNING * * *
The orc wizard zaps a wand.
You are blasted!
* * * LOW HITPOINT WARNING * * *
The orc hits you but does no damage.
The orc wizard hits you but does no damage.
You hit the orc wizard.
You kill the orc wizard!
Your kill strengthens your divinity.
You hit the ogre. The ogre hits you but does no damage.
The orc closely misses you. The ogre hits you with a +0 giant club!
You die...
Your divinity fades.

............... .>
#.............. ...
#.............. ...##
#.............
#...###.............
#...##.............
##...o##............
##.....O@............
#......))#...).......
##.......###..........
#........# ##.........
#######......#
##........
#....W#..##..#
##.......
#$≈≈≈≈+..##..# #......
#.....#.##...# ......
########.....## #.....


You could see an ogre and an orc.

Vanquished Creatures
  Duvessa (D:4)
  A centaur (D:5)
  A scorpion (D:4)
  A water moccasin skeleton (D:4)
  Dowan (D:4)
  A crimson imp (D:4)
  A hound (D:4)
  An orc priest (D:4)
  2 bullfrog skeletons
  2 orc wizards
  3 worker ants
  2 hound zombies (D:4)
  4 gnolls (D:2)
  An adder (D:4)
  2 oozes
  5 worms
  3 dart slugs
  4 leopard geckos
  13 orcs
  A ball python (D:4)
  5 goblins
  8 hobgoblins
  3 jackals (D:3)
  7 kobolds
  7 quokkas
  6 bats
  4 frilled lizards
  4 rats
94 creatures vanquished.

Notes
Turn   | Place    | Note
-------+----------+-------------------------------------------
     0 | D:1      | Banto the Demigod Wanderer began the quest for the Orb.
     0 | D:1      | Banto set off with the following items: a +0 dagger, a
                  | scroll of teleportation, a potion of berserk rage, a +2
                  | scale mail, a ration {!d}
     0 | D:1      | Reached XP level 1. HP: 16/16 MP: 3/3
   572 | D:1      | Reached XP level 2. HP: 23/23 MP: 5/5
   760 | D:1      | Reached skill level 1 in Dodging
  1422 | D:1      | Reached XP level 3. HP: 18/29 MP: 6/6
  1862 | D:2      | Reached * piety under Demigod
  1979 | D:2      | Reached XP level 4. HP: 30/36 MP: 7/7
  2357 | D:2      | Found a runed door.
  2867 | D:3      | Reached ** piety under Demigod
  2907 | D:3      | Found an opulent altar of Gozag.
  2973 | D:3      | Found a white marble altar of Elyvilon.
  2974 | D:3      | Found a snail-covered altar of Cheibriados.
  3067 | D:3      | Found a sacrificial altar of Ru.
  3086 | D:3      | Reached XP level 5. HP: 34/42 MP: 8/8
  3576 | D:4      | Reached XP level 6. HP: 49/51 MP: 9/9
  3636 | D:4      | Reached skill level 1 in Invocations
  4063 | D:4      | Reached skill level 1 in Maces & Flails
  4310 | D:4      | Noticed Dowan
  4317 | D:4      | Noticed Duvessa
  4329 | D:4      | Killed Dowan
  4332 | D:4      | Found Vigumn's General Store.
  4365 | D:4      | Killed Duvessa
  4365 | D:4      | Reached XP level 7. HP: 10/57 MP: 13/13
  4367 | D:4      | HP: 2/57 [poisoned by Duvessa]
  4472 | D:4      | Bought a scroll of identify for 28 gold pieces
  4987 | D:5      | Entered Level 5 of the Dungeon
  4992 | D:5      | Got an encrusted chain mail
  5007 | D:5      | Identified the +6 chain mail of the World {rF+ rN+ Dex-2
                  | Slay+3} (You found it on level 5 of the Dungeon)
  5082 | D:5      | Found a runed translucent door.
  5082 | D:5      | Noticed petercordia2's ghost (amateur DsFE)
  5109 | D:5      | Reached skill level 5 in Invocations
  5301 | D:5      | Mangled by an ogre

Skill      XL: |  1  2  3  4  5  6  7 |
---------------+----------------------+-----
Dodging        | 1 2 3 |  3.1
Fighting       | 2 3 |  3.1
Armour         | 2 3 |  3.1
Invocations    | 4 5 |  5.3
Maces & Flails | 2 3 |  3.6
Bows           | |  5.4
Stealth        | |  1.0
Evocations     | |  1.0

Action                   |  1- 3 |  4- 6 |  7- 9 || total
-------------------------+-------+-------+-------++-------
Melee: Dagger            |   282 |    83 |       ||   365
       Hand axe          |       |    99 |       ||    99
       Mace              |       |    78 |       ||    78
       War axe           |       |    39 |    40 ||    79
  Use: Scroll            |     6 |     4 |     1 ||    11
       Potion            |     1 |     3 |     3 ||     7
  Eat: Chunk             |     4 |     8 |     3 ||    15
Armor: Scale mail        |   123 |   167 |     9 ||   299
       Chain mail        |       |       |    31 ||    31
Dodge: Dodged            |   132 |   218 |    44 ||   394
